 Dungeon Crawl Stone Soup version 0.21.1-1-g345015fe64 (webtiles) character file.

136 KleinerIrrer the Covert (level 5, 0/34 HPs)
             Began as an Octopode Assassin on Apr 18, 2018.
             Slain by an ufetubus (1 damage)
             ... summoned by Eustachio
             ... on level 4 of the Dungeon.
             The game lasted 00:05:11 (3018 turns).

KleinerIrrer the Covert (Octopode Assassin)         Turns: 3018, Time: 00:05:11

Health: 0/34       AC:  1    Str: 10    XL:     5   Next: 19%
Magic:  5/5        EV: 13    Int: 13    God:
Gold:   174        SH:  0    Dex: 15    Spells: 4/4 levels left

rFire    . . .     SeeInvis +   a - +3 dagger
rCold    . . .     Gourm    .   (no shield)
rNeg     . . .     Faith    .   (helmet restricted)
rPois    .         Spirit   .   (no amulet)
rElec    .         Reflect  .   h - ring of see invisible
rCorr    +         Harm     .   l - ring of flight
MR       +....                  o - ring of resist corrosion
Stlth    +++++.....             p - ring of protection from magic
HPRegen  0.11/turn              (no ring)
MPRegen  0.09/turn              (no ring)
                                (no ring)
                                (no ring)

@: no status effects
A: almost no armour, stealthy swim, amphibious, 8 rings, constrict 8, camouflage
1, gelatinous body 1
a: Evoke Flight


You were on level 4 of the Dungeon.
You were hungry.

You visited 1 branch of the dungeon, and saw 4 of its levels.

You collected 174 gold pieces.

Inventory:

Hand Weapons
 a - a +3 dagger (weapon)
 b - a +0 blowgun
Missiles
 c - 8 poisoned needles
 d - 2 curare-tipped needles
Jewellery
 h - a ring of see invisible (left tentacle)
 l - a ring of flight (right tentacle)
 o - a ring of resist corrosion (on tentacle)
 p - a ring of protection from magic (on tentacle)
Wands
 u - a wand of iceblast (8)
Scrolls
 g - 2 scrolls of amnesia {unknown}
 j - 3 scrolls of teleportation {unknown}
 m - a scroll of remove curse {unknown}
 r - a scroll of identify {unknown}
Potions
 e - a potion of lignification {unknown}
 i - 2 potions of curing {unknown}
 n - a potion of haste {unknown}
 q - a potion of brilliance {unknown}
 s - a potion of degeneration {unknown}
Comestibles
 f - 7 rations
 t - 2 chunks of flesh


   Skills:
 - Level 2.0 Fighting
 - Level 2.0 Short Blades
 - Level 2.0 Throwing
 - Level 1.0 Dodging
 + Level 8.8 Stealth


You had 4 spell levels left.
You didn't know any spells.

Dungeon Overview and Level Annotations

Branches:
Dungeon (4/15)
 Temple: D:4-7

Altars:
Fedhas
Gozag

Annotations:
D:4 Eustachio


Innate Abilities, Weirdness & Mutations

You cannot wear most types of armour.
You are very stealthy in the water. (Stealth+)
You are amphibious.
You can wear up to eight rings at the same time.
You can use your tentacles to constrict eight enemies at once.
Your skin changes colour to match your surroundings (Stealth+).
Your rubbery body absorbs attacks. (AC +1, EV +1)


Message History

The iron imp hits you.
* * * LOW HITPOINT WARNING * * *
Eustachio screams, "Hey, you killed my favourite bat!"
You hit the iron imp but do no damage.
You squeeze the iron imp, but do no damage.
The iron imp is lightly wounded.
You constrict the iron imp. The ufetubus closely misses you. x2
Unknown command.
You hit the iron imp.
The iron imp is severely wounded.
You constrict the iron imp. The ufetubus closely misses you.
The ufetubus hits you.
* * * LOW HITPOINT WARNING * * *
The iron imp barely misses you. The ufetubus closely misses you.
The ufetubus hits you.
* * * LOW HITPOINT WARNING * * *
You hit the iron imp but do no damage.
The iron imp is severely wounded.
You constrict the iron imp. The ufetubus hits you.
You die...

#. .# # #.#
.#.# #.#
##.#.# #.#
#....#
#.####..#
#.......#
#..###w##
#..# #5#
########..#
#@#
#.<.......#
#5#
#.#######.#
#5# #.# #.#
#@#
####.###
#.# #.#
.......#
#.# #.#
.#####.#
#.# #.#
#........
... ..#
.#########
###


You could see Eustachio, a worm, an iron imp, a white imp and an ufetubus.

Vanquished Creatures
  A worker ant (D:3)
  3 adders
  A shadow imp (D:3)
  3 oozes
  3 worms (D:2)
  2 dart slugs
  A leopard gecko (D:1)
  An orc (D:3)
  3 giant cockroaches
  3 goblins (D:1)
  3 hobgoblins
  2 jackals (D:2)
  2 quokkas
  12 bats
  2 frilled lizards (D:3)
  7 kobolds
  5 rats
54 creatures vanquished.

Notes
Turn   | Place    | Note
-------+----------+-------------------------------------------
     0 | D:1      | KleinerIrrer the Octopode Assassin began the quest for the Orb.
     0 | D:1      | Reached XP level 1. HP: 14/14 MP: 1/1
   545 | D:1      | Reached XP level 2. HP: 18/19 MP: 2/2
   563 | D:1      | Reached skill level 6 in Stealth
   926 | D:2      | Reached XP level 3. HP: 18/24 MP: 3/3
  1140 | D:2      | Reached skill level 7 in Stealth
  1265 | D:2      | Reached XP level 4. HP: 10/29 MP: 4/4
  2007 | D:3      | Reached skill level 8 in Stealth
  2188 | D:3      | Found a blossoming altar of Fedhas.
  2226 | D:3      | Found an opulent altar of Gozag.
  2290 | D:3      | Reached XP level 5. HP: 25/34 MP: 5/5
  2996 | D:4      | Noticed Eustachio
  3017 | D:4      | HP: 1/34 [ufetubus[Eustachio] (2)]
  3018 | D:4      | Slain by an ufetubus

Skill      XL: |  1  2  3  4 |
---------------+-------------+-----
Stealth        | 6 7 8 |  8.8
Fighting       | |  2.0
Short Blades   | |  2.0
Throwing       | |  2.0
Dodging        | |  1.0

Action                   |  1- 3 |  4- 6 || total
-------------------------+-------+-------++-------
Melee: Dagger            |    60 |    80 ||   140
       Constrict         |    13 |    17 ||    30
       Tentacles         |     6 |    13 ||    19
  Use: Scroll            |       |     1 ||     1
 Stab: Sleeping          |     7 |     9 ||    16
  Eat: Chunk             |     1 |     5 ||     6
Armor: Skin              |     7 |    14 ||    21
Dodge: Dodged            |    33 |    72 ||   105
